 Dungeon Crawl Stone Soup version 0.25.1-11-g244df3a29b (webtiles) character file.

Game seed: 1010269407765590352

1673728 DeepDeath the Conqueror (level 27, 165/218 HPs)
             Began as a Gargoyle Hunter on Nov 11, 2023.
             Was the Champion of Okawaru.
             Escaped with the Orb
             ... and 3 runes on Nov 13, 2023!
             The game lasted 06:06:17 (79307 turns).

DeepDeath the Conqueror (Gargoyle Hunter)          Turns: 79307, Time: 06:06:17

Health: 165/218    AC: 61    Str: 27    XL:     27
Magic:  41/41      EV: 19    Int: 16    God:    Okawaru [******]
Gold:   5370       SH:  0    Dex: 18    Spells: 26/26 levels left

rFire    + + +     SeeInvis +   w - +7 battleaxe (flame)
rCold    + + .     Gourm    .   (shield currently unavailable)
rNeg     + + +     Faith    .   V - +0 gold dragon scales
rPois    ∞         Spirit   .   U - +1 helmet {SInv}
rElec    +         Reflect  .   m - +2 cloak {rCorr}
rCorr    +         Harm     .   W - +0 pair of gloves of Zin's Grace {rC+ MP+9}
MR       +++..                  I - +2 pair of boots {run}
Stlth    ..........             n - amulet of the Falcon {RegenMP rF+ rN+ Str+3 Dex+2}
HPRegen  0.46/turn              M - ring "Qogram" {rF+ rN+ Int+3 Stlth-}
MPRegen  0.52/turn              l - ring of protection from magic

@: heroism, finesse, hasted, very quick
A: big wings, negative energy resistance 1, robust 1, screaming 1, electricity
resistance, inhibited regeneration, strong 1, wild magic 1, unbreathing,
petrification resistance, rot immunity, AC +20
0: Orb of Zot
}: 3/15 runes: serpentine, barnacled, silver
a: Fly, Heroism, Finesse, Renounce Religion


You escaped.
You worshipped Okawaru.
Okawaru was exalted by your worship.
You were not hungry.

You visited 10 branches of the dungeon, and saw 52 of its levels.
You also visited: Sewer and Ice Cave.

You collected 10103 gold pieces.
You spent 4733 gold pieces at shops.

Inventory:

Hand Weapons
 a - a +4 antimagic battleaxe
 q - the +8 storm bow {elec, penet}
   (You found it on level 14 of the Dungeon)

   It charges the ammunition it shoots with electricity; occasionally upon a
   hit, such missiles may discharge and cause terrible harm.
   Ammo fired by it will pass through the targets it hits, potentially hitting
   all targets in its path until it reaches maximum range.
 s - the +7 great mace "Firestarter" {inner flame, rF++}
   (You found it on level 6 of the Lair of Beasts)

   It has been specially enchanted to burn those struck by it, causing extra
   injury to most foes and up to half again as much damage against particularly
   susceptible opponents.
   It greatly protects you from fire.
 v - a +2 vampiric battleaxe
 w - a +7 battleaxe of flaming (weapon)
Missiles
 A - 1836 arrows
 J - 75 silver javelins (quivered)
Armour
 m - a +2 cloak of preservation (worn)
 I - a +2 pair of boots of running (worn)
 U - a +1 helmet of see invisible (worn)
 V - +0 gold dragon scales (worn)
 W - the +0 pair of gloves of Zin's Grace (worn) {rC+ MP+9}
   (You bought it in a shop on level 8 of the Dungeon)

   It protects you from cold.
   It affects your magic capacity (+9).
 Y - the +9 plate armour "Fasch" {rC+ rN+ MR+ Str+3}
   (Okawaru gifted it to you on level 3 of the Shoals)

   It affects your strength (+3).
   It protects you from cold.
   It protects you from negative energy.
   It affects your resistance to hostile enchantments.
Jewellery
 l - a ring of protection from magic (right hand)
 n - the amulet of the Falcon (around neck) {RegenMP rF+ rN+ Str+3 Dex+2}
   (You found it in an ice cave)

   [amulet of magic regeneration]

   It increases your magic regeneration.
   It affects your strength (+3).
   It affects your dexterity (+2).
   It protects you from fire.
   It protects you from negative energy.
 r - the amulet of Gufairec {MR+ Regen+ Int+5 Dex-3 Stlth+}
   (You took it off a vault sentinel on level 5 of the Vaults)

   [amulet of regeneration]

   It affects your intelligence (+5).
   It affects your dexterity (-3).
   It affects your resistance to hostile enchantments.
   It increases your rate of regeneration.
   It makes you more stealthy.
 t - the ring of Donukleox {rPois rC+}
   (You took it off Louise on level 3 of the Elven Halls)

   [ring of poison resistance]

   It protects you from cold.
   It protects you from poison.
 M - the ring "Qogram" (left hand) {rF+ rN+ Int+3 Stlth-}
   (You found it on level 2 of the Shoals)

   [ring of attention]

   It affects your intelligence (+3).
   It protects you from fire.
   It protects you from negative energy.
   It makes you less stealthy.
Wands
 e - a wand of iceblast (27)
 i - a wand of enslavement (16)
 u - a wand of digging (12)
 E - a wand of paralysis (20)
 H - a wand of clouds (16)
 Q - a wand of disintegration (22)
 T - a wand of acid (19)
Scrolls
 d - 6 scrolls of holy word
 g - 6 scrolls of fog
 o - 14 scrolls of blinking
 x - 23 scrolls of remove curse
 y - 4 scrolls of noise
 D - 9 scrolls of identify
 G - 17 scrolls of fear
 L - 4 scrolls of magic mapping
 N - a scroll of silence
 P - 24 scrolls of teleportation
Potions
 b - 3 potions of heal wounds
 c - 21 potions of curing
 h - 2 potions of might
 j - a potion of mutation
 k - 2 potions of resistance
 p - 9 potions of magic
 z - 3 potions of cancellation
 B - 3 potions of haste
 F - a potion of ambrosia
 K - 4 potions of berserk rage
Miscellaneous
 C - 10 phantom mirrors
 O - a lightning rod (4/4)
 S - a phial of floods
Comestibles
 f - 80 rations


   Skills:
 O Level 27 Fighting
   Level 1.0(6.0) Short Blades
 - Level 19.4(25.0) Axes
   Level 9.2(20.4) Polearms
 - Level 20.0(25.0) Bows
 - Level 12.0(17.0) Throwing
 O Level 27 Armour
 + Level 14.5(19.5) Dodging
 - Level 1.1(6.1) Stealth
   Level 0.0(5.0) Shields
 - Level 12.0 Invocations
 + Level 6.3 Evocations


You had 26 spell levels left.
You didn't know any spells.
Your spell library contained the following spells:

 Spells                   Type           Power        Failure   Level  Hunger
 Animate Skeleton         Necr           N/A          88%         1    ##.....
 Beastly Appendage        Tmut           #.....       88%         1    ##.....
 Corona                   Hex            #......      88%         1    ##.....
 Foxfire                  Conj/Fire      #...         88%         1    ##.....
 Freeze                   Ice            #...         88%         1    ##.....
 Magic Dart               Conj           #...         88%         1    ##.....
 Pain                     Necr           #...         88%         1    ##.....
 Sandblast                Erth           #.....       88%         1    ##.....
 Shock                    Conj/Air       #...         88%         1    ##.....
 Sting                    Tmut/Pois      #...         88%         1    ##.....
 Summon Butterflies       Summ           #.......     88%         1    ##.....
 Blink                    Tloc           N/A          96%         2    ###....
 Call Imp                 Summ           #.......     96%         2    ###....
 Ensorcelled Hibernation  Hex/Ice        #.....       96%         2    ###....
 Passwall                 Tmut/Erth      #.......     96%         2    ###....
 Poisonous Vapours        Pois/Air       #.....       96%         2    ###....
 Searing Ray              Conj           #.....       96%         2    ###....
 Slow                     Hex            #.......     96%         2    ###....
 Sticks to Snakes         Tmut           #.......     96%         2    ###....
 Swiftness                Chrm/Air       #.......     96%         2    ###....
 Confusing Touch          Hex            #.......     99%         3    ####...
 Conjure Flame            Conj/Fire      #.......     99%         3    ####...
 Dazzling Flash           Conj/Hex       #.....       99%         3    ####...
 Frozen Ramparts          Ice            #.....       99%         3    ####...
 Gell's Gravitas          Tloc           #.........   99%         3    ####...
 Ignite Poison            Fire/Tmut/Pois #.......     99%         3    ####...
 Inner Flame              Hex/Fire       #.......     99%         3    ####...
 Lesser Beckoning         Tloc           #.........   99%         3    ####...
 Mephitic Cloud           Conj/Pois/Air  #.......     99%         3    ####...
 Ozocubu's Armour         Chrm/Ice       #.......     99%         3    ####...
 Portal Projectile        Hex/Tloc       #.....       99%         3    ####...
 Recall                   Summ/Tloc      N/A          99%         3    ####...
 Spectral Weapon          Hex/Chrm       #.......     99%         3    ####...
 Spider Form              Tmut/Pois      #.........   99%         3    ####...
 Static Discharge         Conj/Air       #.......     99%         3    ####...
 Stone Arrow              Conj/Erth      #.....       99%         3    ####...
 Summon Guardian Golem    Hex/Summ       #.......     99%         3    ####...
 Teleport Other           Tloc           #.......     99%         3    ####...
 Tukima's Dance           Hex            #.......     99%         3    ####...
 Vampiric Draining        Necr           #.........   99%         3    ####...
 Airstrike                Air            #.........   100%        4    #####..
 Animate Dead             Necr           N/A          100%        4    #####..
 Cause Fear               Hex            #.........   100%        4    #####..
 Fulminant Prism          Conj/Hex       #.........   100%        4    #####..
 Hailstorm                Conj/Ice       #.......     100%        4    #####..
 Ice Form                 Ice/Tmut       #.......     100%        4    #####..
 Iskenderun's Mystic Bla  Conj/Tloc      #.......     100%        4    #####..
 Leda's Liquefaction      Hex/Erth       #.........   100%        4    #####..
 Olgreb's Toxic Radiance  Pois           #.......     100%        4    #####..
 Petrify                  Tmut/Erth      #.......     100%        4    #####..
 Sticky Flame             Conj/Fire      #.......     100%        4    #####..
 Summon Ice Beast         Ice/Summ       #.......     100%        4    #####..
 Summon Lightning Spire   Summ/Air       #.......     100%        4    #####..
 Agony                    Necr           #.......     100%        5    ######.
 Alistair's Intoxication  Tmut/Pois      #.......     100%        5    ######.
 Blade Hands              Tmut           #.........   100%        5    ######.
 Bolt of Magma            Conj/Fire/Erth #.........   100%        5    ######.
 Fireball                 Conj/Fire      #.........   100%        5    ######.
 Irradiate                Conj/Tmut      #.........   100%        5    ######.
 Lee's Rapid Deconstruct  Erth           #.........   100%        5    ######.
 Lightning Bolt           Conj/Air       #.........   100%        5    ######.
 Metabolic Englaciation   Hex/Ice        #.........   100%        5    ######.
 Silence                  Hex/Air        #.........   100%        5    ######.
 Summon Demon             Summ           #.........   100%        5    ######.
 Summon Forest            Summ/Tloc      #.........   100%        5    ######.
 Summon Mana Viper        Hex/Summ       #.......     100%        5    ######.
 Yara's Violent Unravell  Hex/Tmut       #.........   100%        5    ######.
 Darkness                 Hex            #.........   100%        6    #######
 Death Channel            Necr           #.........   100%        6    #######
 Dispersal                Tloc           #.........   100%        6    #######
 Eringya's Noxious Bog    Tmut/Pois      #.........   100%        6    #######
 Freezing Cloud           Conj/Ice/Air   #.........   100%        6    #######
 Invisibility             Hex            #.......     100%        6    #######
 Iron Shot                Conj/Erth      #.........   100%        6    #######
 Ozocubu's Refrigeration  Ice            #.........   100%        6    #######
 Simulacrum               Ice/Necr       #.........   100%        6    #######
 Dragon Form              Tmut           #.........   100%        7    #######
 Haunt                    Necr/Summ      #.........   100%        7    #######
 Orb of Destruction       Conj           #.........   100%        7    #######
 Spellforged Servitor     Conj/Summ      #.........   100%        7    #######
 Borgnjor's Revivificati  Necr           #.........   100%        8    #######
 Chain Lightning          Conj/Air       #.........   100%        8    #######
 Controlled Blink         Tloc           N/A          100%        8    #######
 Death's Door             Chrm/Necr      #.........   100%        8    #######
 Discord                  Hex            #.........   100%        8    #######
 Disjunction              Tloc           #.........   100%        8    #######
 Ignition                 Fire           #.........   100%        8    #######
 Infestation              Necr           #.........   100%        8    #######
 Lehudib's Crystal Spear  Conj/Erth      #.........   100%        8    #######
 Necromutation            Tmut/Necr      #.........   100%        8    #######
 Absolute Zero            Ice            #.........   100%        9    #######
 Dragon's Call            Summ           #.........   100%        9    #######
 Fire Storm               Conj/Fire      #.........   100%        9    #######
 Shatter                  Erth           #.........   100%        9    #######
 Tornado                  Air            #.........   100%        9    #######
 Sublimation of Blood     Necr           Unusable     N/A         2    N/A
 Passage of Golubria      Tloc           Unusable     N/A         4    N/A
 Statue Form              Tmut/Erth      Unusable     N/A         6    N/A

Dungeon Overview and Level Annotations

Branches:
Dungeon (15/15)            Temple (0/1) D:6            Lair (6/6) D:10
 Shoals (4/4) Lair:2        Snake (4/4) Lair:2        Slime (0/5) Lair:6
    Orc (2/2) D:12            Elf (3/3) Orc:2        Vaults (5/5) D:13
  Crypt (3/3) Vaults:2       Tomb (0/3) Crypt:3      Depths (5/5) D:15
    Zot (5/5) Depths:5      Sewer (visited)           IceCv (visited)

Altars:
Ashenzari
Cheibriados
Elyvilon
Fedhas
Gozag
Hepliaklqana
Kikubaaqudgha
Makhleb
Nemelex Xobeh
Okawaru
Qazlal
Ru
Sif Muna
Trog
Vehumet
Wu Jian
Xom
Zin
Beogh
Jiyva

Shops:
D:5 }   D:8 *   D:11 (   D:12 :   Orc:1 :   Orc:2 [*(![   Shoals:1 =
Vaults:2 =%:   Vaults:5 ?   Depths:4 =

Portals:
Hell: Depths:1 Depths:2 Depths:3 Depths:4 Depths:5
Abyss: Depths:4
Pandemonium: Depths:3
Ziggurat: Depths:4

Annotations:
Zot:1 2 transporters, DeepDeath's ghost, legendary HOAM


Innate Abilities, Weirdness & Mutations

You are resistant to torment.
Your stone body is resilient. (AC +20)
You are immune to poison.
Your large and strong wings let you fly indefinitely.
You resist negative energy. (rN+)
You are resistant to electric shocks. (rElec)
You can survive without breathing.
You are immune to petrification.
You are immune to rotting.
You are robust. (+10% HP)
You occasionally shout uncontrollably at your foes.
You do not regenerate when monsters are visible.
Your muscles are strong. (Str +2)
Your spells are a little harder to cast, but a little more powerful.


Message History

The rock shatters into small pieces.
Evoke which item? (* to show all) (? for menu, Esc to quit)
Aiming: Dig
Press: ? - help, Shift-Dir - straight line A rock wall.
This square is covered in magical glow.
The rock shatters into small pieces.
An Ice Fiend comes into view.
The Ice Fiend gestures at you. The bolt of cold misses you.
Evoke which item? (* to show all) (? for menu, Esc to quit)
Aiming: Dig
Press: ? - help, Shift-Dir - straight line You can't see that place.
The rock shatters into small pieces.
The Ice Fiend calls on the powers of darkness!
Your body is wracked with pain!
There is an open door here.
There is a staircase leading out of the dungeon here.
You have escaped!

#.# #.### #...#
#.#.# ######
######'#.#
##.....
#......+.#
##1#####
#.####+###
##.## #.#..#.#
##.##
#.+.@'.#####.##
#.#..#...##.##
#.####.##..##
#.....[##.##
###########


There were no monsters in sight!

Vanquished Creatures
  3 orbs of fire (Zot:5)
  Khufu (Crypt:3)
  2 juggernauts
  14 ancient liches
  Sojobo (Vaults:3)
  Frederick (Vaults:4)
  3 Killer Klowns (Zot:5)
  A curse toe (Zot:5)
  Jory (Crypt:2)
  A caustic shrike (Depths:4)
  8 golden dragons
  A profane servitor (Crypt:3)
  the Enchantress (Depths:5)
  A bone dragon (Crypt:3)
  An iron giant (Zot:3)
  2 electric golems (Zot:5)
  An Ice Fiend (D:2)
  The ghost of hikkokomori the Spry, an adept DsGl of Dithmenos (Vaults:2)
  Rupert (D:15)
  4 liches
  4 titans
  A shard shrike skeleton (Crypt:1)
  15 tentacled monstrosities
  26 Orb Guardians
  8 quicksilver dragons
  A deep elf master archer (Elf:3)
  A deep elf blademaster (Elf:3)
  7 ancient champions
  A sphinx (Vaults:5)
  2 acid blobs (Depths:2)
  Polyphemus (Shoals:4)
  18 storm dragons
  6 death cobs
  Kirke (D:13)
  Roxanne (Snake:4)
  11 shadow dragons
  7 tengu reavers
  2 revenants
  8 nagarajas
  13 draconian monks
  2 azure jellies (Depths:2)
  Ilsuiw (Shoals:4)
  13 fire giants
  9 frost giants
  An orc warlord (Orc:2)
  8 deep elf sorcerers
  2 iron dragons
  4 draconian shifters
  18 vault wardens
  2 draconian knights
  7 draconian scorchers
  4 ghost moths
  Aizul (Elf:3)
  A curse skull (Crypt:2)
  Louise (Elf:3)
  A balrug (Depths:1)
  3 draconian stormcallers
  8 spriggan defenders
  5 draconian annihilators
  5 deep elf elementalists
  11 ghouls
  15 ironheart preservers
  12 very ugly things
  5 war gargoyles (Vaults:5)
  17 stone giants
  12 vampire knights
  An entropy weaver (Vaults:5)
  8 green draconians
  12 black draconians
  5 deep elf demonologists
  8 deep elf annihilators
  10 white draconians
  A lorocyproca (D:2)
  Nessos (Orc:2)
  9 yellow draconians
  A spectral titan (Crypt:3)
  6 purple draconians
  11 spark wasps
  20 ettins
  Snorg (Lair:5)
  13 red draconians
  A blizzard demon (Zot:4)
  3 eidola
  5 merfolk javelineers (Shoals:4)
  14 fire dragons
  8 deep elf death magi
  A death ooze (Depths:2)
  14 merfolk impalers
  14 jiangshi
  2 mummy priests (Crypt:3)
  9 great orbs of eyes
  21 ogre magi
  9 deep elf high priests
  9 rakshasas
  15 yaktaur captains
  10 hydras
  37 vault guards
  A hydra (shapeshifter) (Depths:1)
  14 naga warriors
  14 ice dragons
  A quicksilver dragon skeleton (D:15)
  2 catoblepae
  6 spriggan air magi
  3 merfolk avatars (Shoals:4)
  11 merfolk aquamancers
  6 death knights
  10 anacondas
  8 centaur warriors
  59 two-headed ogres
  2 alligators (shapeshifter) (Vaults:5)
  7 deep troll shamans
  6 vampire magi
  2 alligator snapping turtles
  4 tengu warriors
  30 dancing weapons
  4 satyrs
  3 death yaks (Shoals:4)
  A death yak (shapeshifter) (Vaults:5)
  A titan zombie (Vaults:4)
  5 spriggan berserkers
  14 deep troll earth magi
  10 shock serpents
  2 soul eaters (Crypt:1)
  23 naga sharpshooters
  22 deep elf knights
  2 sun demons (Depths:1)
  Nergalle (Orc:1)
  2 salamander mystics (Snake:4)
  Sonja (Orc:2)
  6 shadow wraiths
  28 skeletal warriors
  An iron troll (Depths:5)
  18 sea snakes
  4 flayed ghosts
  2 unseen horrors
  19 deep trolls
  A deep troll (shapeshifter) (Vaults:5)
  2 unseen horrors (shapeshifter)
  9 wizards
  4 glowing orange brains
  An iron giant skeleton (Crypt:2)
  A golden dragon skeleton (Crypt:2)
  18 harpies
  15 ironbrand convokers
  6 naga ritualists
  An anaconda skeleton (Crypt:2)
  6 necromancers
  6 phantasmal warriors
  An obsidian statue (Zot:5)
  4 wolf spiders
  A harpy (shapeshifter) (Vaults:4)
  21 deep elf archers
  14 orc knights
  12 mana vipers
  2 human zombies (Vaults:4)
  A wolf spider (shapeshifter) (Depths:5)
  A spectral fire dragon (Crypt:3)
  2 oklob plants (Lair:2)
  9 fauns
  78 deep elf magi
  5 orc sorcerers
  43 ugly things
  13 manticores
  12 cyclopes
  18 salamanders
  18 moths of wrath
  6 water nymphs
  18 elephants (Lair:6)
  An eye of devastation (Depths:2)
  12 merfolk sirens
  A shock serpent zombie (Crypt:2)
  A frost giant skeleton (D:15)
  37 black mambas
  An eye of devastation (shapeshifter) (Vaults:3)
  A black mamba (shapeshifter) (Elf:1)
  Maurice (D:10)
  3 ice statues
  5 guardian serpents
  A torpor snail (Lair:5)
  3 gargoyles
  15 vault sentinels
  26 naga magi
  23 spiny frogs
  59 yaktaurs
  10 freezing wraiths
  5 kobold demonologists
  13 komodo dragons
  2 rime drakes (IceCv)
  A komodo dragon (shapeshifter) (Vaults:4)
  7 guardian mummies (Crypt:3)
  7 ice devils (D:9)
  2 tengu conjurers
  A golden dragon simulacrum (Crypt:3)
  2 hornets (shapeshifter)
  15 trolls
  38 merfolk
  6 wind drakes
  A wind drake (shapeshifter) (Depths:1)
  A harpy skeleton (Crypt:2)
  A meliai (shapeshifter) (Depths:1)
  4 tyrant leeches (Lair:6)
  Grinder (D:3)
  A harpy zombie (Crypt:2)
  A wolf spider simulacrum (Crypt:3)
  A troll (shapeshifter) (Elf:1)
  A frost giant simulacrum (Vaults:1)
  6 dream sheep
  7 hornets
  34 blink frogs
  29 slime creatures
  4 bog bodies
  12 hippogriffs
  A fire dragon zombie (Crypt:2)
  A spriggan skeleton (D:15)
  3 air elementals
  12 snapping turtles
  An ice dragon skeleton (Crypt:2)
  3 redbacks (Vaults:5)
  61 flying skulls
  A fire dragon skeleton (D:15)
  7 shadows
  A tarantella (Vaults:5)
  32 water elementals
  3 small abominations
  3 large abominations
  2 vampires
  A centaur simulacrum (D:15)
  6 spriggans
  4 wyverns
  22 yaks
  A tarantella (shapeshifter) (Vaults:4)
  21 humans (D:13)
  A human (shapeshifter) (Vaults:1)
  A golden eye (shapeshifter) (Vaults:3)
  7 wraiths
  2 basilisks (Lair:2)
  4 fire elementals
  3 hogs (D:13)
  2 hungry ghosts (D:13)
  15 vampire mosquitoes
  A swamp worm (shapeshifter) (Depths:5)
  3 acid dragons
  8 wargs
  70 nagas
  2 soldier ants
  14 water moccasins
  A spiny frog zombie (Crypt:1)
  7 porcupines
  Purgy (D:3)
  A torturous demonspawn skeleton (Crypt:1)
  A hornet zombie (Crypt:1)
  A floating eye (Depths:3)
  17 ice beasts
  3 phantoms
  40 orc warriors
  2 sky beasts
  2 black bears
  A black bear (shapeshifter) (Vaults:5)
  An ettin simulacrum (Crypt:2)
  72 ogres
  8 necrophages
  4 wolves (Lair:5)
  13 boggarts
  A manticore skeleton (Crypt:2)
  21 centaurs
  A blink frog skeleton (Crypt:2)
  11 crocodiles
  15 big kobolds
  Blork the orc (D:4)
  35 bullfrogs
  2 earth elementals
  A salamander skeleton (Crypt:2)
  A wyvern zombie (D:11)
  2 wyvern skeletons (D:14)
  2 scorpions
  6 killer bees (D:8)
  A yak zombie (Crypt:1)
  A human simulacrum (Vaults:1)
  13 wights
  4 howler monkeys
  2 electric eels
  14 crimson imps
  6 centaur zombies
  4 bullfrog zombies
  A basilisk zombie (Crypt:1)
  3 bullfrog skeletons
  4 hounds
  3 jellies
  A centaur skeleton (D:6)
  A demonspawn zombie (Crypt:1)
  20 orc priests
  Crazy Yiuf (D:7)
  An iron imp (Depths:2)
  Jessica (D:3)
  A black bear skeleton (Crypt:2)
  4 iguanas
  Ijyb (D:3)
  Terence (D:2)
  33 orc wizards
  12 worker ants
  A tengu zombie (Crypt:1)
  A hound skeleton (D:2)
  A howler monkey zombie (D:6)
  5 gnolls
  18 adders
  5 river rats (Sewer)
  5 shadow imps
  5 ufetubi (D:9)
  4 oozes
  2 adder zombies
  7 worms
  A dart slug (D:1)
  7 leopard geckos
  121 orcs
  7 bats
  4 giant cockroaches
  11 hobgoblins
  11 jackals
  7 quokkas
  4 ball pythons
  2 ball python skeletons (D:4)
  A ball python zombie (D:5)
  12 frilled lizards
  10 goblins
  A jackal zombie (D:8)
  37 kobolds
  3 leopard gecko skeletons
  An orc skeleton (Crypt:2)
  10 rats
  A bush (Lair:6)
  5 crawling corpses
  3 fungi
  20 plants
2796 creatures vanquished.

Vanquished Creatures (others)
  A titan (Vaults:5)
  A death cob (Zot:2)
  A frost giant (Depths:3)
  A dancing weapon (Elf:2)
  A naga sharpshooter (Snake:4)
  A merfolk siren (Shoals:4)
  A human (D:13)
  An ogre (Vaults:5)
  A bullfrog (D:13)
  An orc (D:10)
  5 fungi
  42 plants
  4 withered plants (D:15)
61 creatures vanquished.

Grand Total: 2857 creatures vanquished

Notes
Turn   | Place    | Note
-------+----------+-------------------------------------------
     0 | D:1      | DeepDeath the Gargoyle Hunter began the quest for the Orb.
     0 | D:1      | Reached XP level 1. HP: 12/12 MP: 1/1
   101 | D:1      | Reached skill level 1 in Short Blades
   101 | D:1      | Reached XP level 2. HP: 7/17 MP: 2/2
   355 | D:1      | Reached skill level 1 in Armour
   587 | D:1      | Found a shattered altar of Ashenzari.
   679 | D:1      | Reached XP level 3. HP: 21/21 MP: 3/3
   757 | D:1      | Reached skill level 1 in Polearms
  1117 | D:2      | Noticed Terence
  1197 | D:2      | Found an iron altar of Okawaru.
  1210 | D:2      | Reached XP level 4. HP: 21/26 MP: 4/4
  1221 | D:2      | Became a worshipper of Warmaster Okawaru
  1466 | D:2      | Reached skill level 1 in Invocations
  1820 | D:2      | Killed Terence
  1820 | D:2      | Reached XP level 5. HP: 30/30 MP: 4/6
  2229 | D:3      | Found a burning altar of Makhleb.
  2232 | D:3      | Noticed Grinder
  2254 | D:3      | Killed Grinder
  2254 | D:3      | Reached * piety under Okawaru
  2254 | D:3      | Reached skill level 5 in Bows
  2254 | D:3      | Reached skill level 1 in Evocations
  2254 | D:3      | Reached XP level 6. HP: 34/35 MP: 7/7
  2600 | D:3      | Noticed Ijyb
  2619 | D:3      | Killed Ijyb
  2652 | D:3      | Noticed Jessica
  2659 | D:3      | Killed Jessica
  2777 | D:3      | Noticed Purgy
  2799 | D:3      | Killed Purgy
  2799 | D:3      | Reached ** piety under Okawaru
  2799 | D:3      | Reached XP level 7. HP: 40/40 MP: 8/8
  3647 | D:4      | Reached skill level 5 in Polearms
  3912 | D:4      | Found a blossoming altar of Fedhas.
  4252 | D:4      | Noticed Blork the orc
  4261 | D:4      | Killed Blork the orc
  4261 | D:4      | Reached XP level 8. HP: 44/44 MP: 9/9
  4997 | D:5      | Entered Level 5 of the Dungeon
  5283 | D:5      | Found a glowing drain.
  5497 | Sewer    | Entered a sewer
  6133 | Sewer    | Reached *** piety under Okawaru
  6657 | Sewer    | Reached XP level 9. HP: 48/48 MP: 11/11
  6847 | D:5      | Found Pighueme's Gadget Boutique.
  7342 | D:5      | Found a shimmering blue altar of Sif Muna.
  7565 | D:6      | Found a white marble altar of Elyvilon.
  8470 | D:6      | Found a staircase to the Ecumenical Temple.
  8543 | D:6      | Reached skill level 1 in Axes
  8605 | D:6      | Found a glowing silver altar of Zin.
  8638 | D:6      | Found a bloodstained altar of Trog.
  8818 | D:7      | Noticed a two-headed ogre
  8840 | D:7      | Killed a two-headed ogre
  8840 | D:7      | Reached **** piety under Okawaru
  8840 | D:7      | Reached XP level 10. HP: 56/56 MP: 9/12
  8963 | D:7      | Received a gift from Okawaru
  8989 | D:7      | Found a runed translucent door.
  8990 | D:7      | Noticed Crazy Yiuf
  9065 | D:7      | Killed Crazy Yiuf
  9191 | D:7      | Found a hazy altar of Hepliaklqana.
  9191 | D:7      | Found a sacrificial altar of Ru.
  9307 | D:7      | Found a shimmering altar of Xom.
  9555 | D:7      | Reached skill level 5 in Axes
  9878 | D:7      | Found a shattered altar of Ashenzari.
 10022 | D:7      | Found an opulent altar of Gozag.
 10175 | D:8      | Found Xycwu's Assorted Antiques.
 10175 | D:8      | You fall into a shaft and drop 2 floors!
 10175 | D:10     | Entered Level 10 of the Dungeon
 10229 | D:10     | Noticed a two-headed ogre
 10242 | D:10     | Killed a two-headed ogre
 10325 | D:10     | Reached skill level 5 in Fighting
 10406 | D:10     | Reached ***** piety under Okawaru
 10408 | D:10     | Reached XP level 11. HP: 27/64 MP: 12/14
 10802 | D:10     | Noticed Maurice
 10809 | D:10     | Killed Maurice
 10882 | D:10     | Found a staircase to the Lair.
 11057 | D:10     | Received a gift from Okawaru
 11060 | D:10     | Got a transparent helmet {god gift}
 11066 | D:10     | Identified the +0 helmet of Tender Moments {+Fly Regen+
                  | Stlth+} (Okawaru gifted it to you on level 10 of the
                  | Dungeon)
 11139 | D:9      | Found a sparkling altar of Nemelex Xobeh.
 11349 | D:9      | Noticed a two-headed ogre
 11362 | D:9      | Killed a two-headed ogre
 11748 | D:9      | Found an ornate altar of the Wu Jian Council.
 11750 | D:9      | Found a radiant altar of Vehumet.
 12018 | D:8      | Bought a glowing purple potion for 25 gold pieces
 12018 | D:8      | Bought a short ivory wand for 112 gold pieces
 12018 | D:8      | Bought a bound pewter ring for 140 gold pieces
 12018 | D:8      | Bought a scroll labeled HUNGAM VOTOH for 28 gold pieces
 12018 | D:8      | Bought a pair of fading gloves for 266 gold pieces
 12033 | D:8      | Identified the ring "Kiritap" {+Fly rPois MP+9 Stlth-} (You
                  | bought it in a shop on level 8 of the Dungeon)
 12044 | D:8      | Identified the cursed +0 pair of gloves of Zin's Grace {rC+
                  | MP+9} (You bought it in a shop on level 8 of the Dungeon)
 12291 | D:8      | Found the +3 giant club "Skullcrusher" {speed, Str+7}
 12353 | D:8      | Noticed a three-headed hydra
 12368 | D:8      | Reached skill level 5 in Invocations
 12374 | D:8      | Reached skill level 5 in Armour
 12384 | D:8      | Killed a seven-headed hydra
 12659 | Lair:1   | Entered Level 1 of the Lair of Beasts
 12741 | Lair:1   | Reached XP level 12. HP: 65/72 MP: 16/16
 12748 | Lair:1   | Reached skill level 1 in Throwing
 12868 | Lair:1   | Noticed a six-headed hydra
 12881 | Lair:1   | Killed a six-headed hydra
 12931 | Lair:1   | Received a gift from Okawaru
 13124 | Lair:1   | Received a gift from Okawaru
 13124 | Lair:1   | Reached skill level 10 in Axes
 13178 | Lair:1   | Identified a +0 pair of boots of running (Okawaru gifted it
                  | to you on level 1 of the Lair of Beasts)
 13586 | Lair:2   | Found a staircase to the Snake Pit.
 13740 | Lair:2   | Found a staircase to the Shoals.
 13986 | Lair:2   | Noticed a four-headed hydra
 14031 | Lair:2   | Killed a six-headed hydra
 14074 | Lair:2   | Noticed a four-headed hydra
 14086 | Lair:2   | Killed a four-headed hydra
 14153 | Lair:2   | Reached XP level 13. HP: 64/78 MP: 18/18
 14594 | Lair:2   | Received a gift from Okawaru
 14835 | Lair:3   | Received a gift from Okawaru
 14946 | Lair:3   | Found a frozen archway.
 14967 | Lair:3   | Received a gift from Okawaru
 15024 | IceCv    | Entered an ice cave
 15213 | IceCv    | Noticed an ice dragon
 15213 | IceCv    | Noticed an ice dragon
 15223 | IceCv    | Killed an ice dragon
 15244 | IceCv    | Killed an ice dragon
 15283 | IceCv    | Got a clouded tin amulet
 15319 | IceCv    | Identified the amulet of the Falcon {RegenMP rF+ rN+ Str+3
                  | Dex+2} (You found it in an ice cave)
 17024 | Lair:5   | Received a gift from Okawaru
 17035 | Lair:5   | Got a pair of warped gloves {god gift}
 17154 | Lair:5   | Identified the +2 pair of gloves "Atuus" {+Fly} (Okawaru
                  | gifted it to you on level 5 of the Lair of Beasts)
 17343 | Lair:5   | Reached skill level 10 in Armour
 17445 | Lair:5   | Noticed Snorg
 17459 | Lair:5   | Killed Snorg
 17650 | Lair:5   | Gained mutation: You are robust. (+10% HP) [potion of
                  | mutation]
 17650 | Lair:5   | Gained mutation: Your muscles are strong. (Str +2) [potion
                  | of mutation]
 18184 | D:11     | Gained mutation: Your large and strong wings let you fly
                  | indefinitely. [Gargoyle growth]
 18184 | D:11     | Reached XP level 14. HP: 70/92 MP: 20/20
 18374 | D:11     | Found Ivves's Weapon Shop.
 18801 | D:12     | Found a staircase to the Orcish Mines.
 19095 | D:12     | Got a pitted scale mail
 19272 | D:12     | Got a transparent jade amulet
 19302 | D:12     | You fall into a shaft and drop 3 floors!
 19302 | D:15     | Entered Level 15 of the Dungeon
 19302 | D:15     | Found a staircase to the Depths.
 19449 | D:15     | Paralysed by a wizard for 3 turns
 19457 | D:15     | Received a gift from Okawaru
 19505 | D:15     | Identified the +6 scale mail "Wodghiukk" {Str+4 Int+2} (You
                  | found it on level 12 of the Dungeon)
 19646 | D:15     | Noticed Rupert
 20699 | D:14     | Reached skill level 10 in Invocations
 20745 | D:14     | Reached skill level 10 in Fighting
 20789 | D:14     | Received a gift from Okawaru
 20909 | D:14     | Reached XP level 15. HP: 85/101 MP: 22/22
 20944 | D:14     | Found the +8 storm bow {elec, penet}
 21127 | D:14     | Identified the amulet of Totor {Spirit rF+} (You found it
                  | on level 12 of the Dungeon)
 21419 | D:13     | Noticed Kirke
 21440 | D:13     | Killed Kirke
 22087 | D:13     | You fall into a shaft and drop 1 floor!
 22238 | D:13     | Found a runed translucent door.
 22238 | D:13     | Noticed a tengu reaver
 22238 | D:13     | Noticed a frost giant
 22240 | D:13     | Noticed a frost giant
 22240 | D:13     | Noticed a frost giant
 22240 | D:13     | Noticed a shadow dragon
 22240 | D:13     | Noticed a fire giant
 22254 | D:13     | Killed a frost giant
 22269 | D:13     | Killed a tengu reaver
 22279 | D:13     | Killed a shadow dragon
 22296 | D:13     | Killed a frost giant
 22304 | D:13     | Killed a frost giant
 22308 | D:13     | Killed a fire giant
 22308 | D:13     | Received a gift from Okawaru
 22308 | D:13     | Reached skill level 10 in Bows
 22330 | D:13     | Identified a scroll of acquirement
 22330 | D:13     | Acquired a +4 broad axe of venom
 22338 | D:13     | Got a heavy robe
 22686 | D:8      | Bought a wand of acid (6) for 224 gold pieces
 22904 | D:12     | Found Luhofo Nong's Book Shoppe.
 23318 | Orc:1    | Entered Level 1 of the Orcish Mines
 23318 | Orc:1    | Noticed Nergalle
 23326 | Orc:1    | Killed Nergalle
 23484 | Orc:2    | Entered Level 2 of the Orcish Mines
 23536 | Orc:2    | Received a gift from Okawaru
 23601 | Orc:1    | Found Sostrosas's Book Shop.
 23793 | Orc:2    | Found Wanot's Antique Armour Emporium.
 23824 | Orc:2    | Found Tuelas's General Store.
 23841 | Orc:2    | Received a gift from Okawaru
 23867 | Orc:2    | Noticed an orc warlord
 23887 | Orc:2    | Killed an orc warlord
 23896 | Orc:2    | Received a gift from Okawaru
 23921 | Orc:2    | Reached XP level 16. HP: 110/110 MP: 23/23
 23924 | Orc:2    | Reached ****** piety under Okawaru
 23924 | Orc:2    | Received a gift from Okawaru
 24040 | Orc:2    | Noticed Nessos
 24045 | Orc:2    | Killed Nessos
 24134 | Orc:2    | Found Ablofal's Distillery.
 24135 | Orc:2    | Found Vuad's Armour Boutique.
 24137 | Orc:2    | Bought a scroll of silence for 105 gold pieces
 24141 | Orc:2    | Found Puxam's Weapon Shoppe.
 24164 | Orc:2    | Found a staircase to the Elven Halls.
 24179 | Orc:2    | Bought a potion of haste for 110 gold pieces
 24179 | Orc:2    | Bought 2 potions of heal wounds for 110 gold pieces
 24179 | Orc:2    | Bought a potion of heal wounds for 55 gold pieces
 24191 | Orc:2    | Bought a masterwork chain mail for 237 gold pieces
 24210 | Orc:2    | Noticed Sonja
 24217 | Orc:2    | Killed Sonja
 24274 | Orc:2    | Found a roughly hewn altar of Beogh.
 24594 | Orc:2    | Identified the cursed +1 chain mail of Zodokh {rF- MR+
                  | Str+4} (You bought it in a shop on level 2 of the Orcish
                  | Mines)
 24621 | Orc:2    | Bought a glowing chain mail for 187 gold pieces
 25399 | Orc:2    | Bought the cursed +0 kite shield "Hupihiad" {rPois MR+++
                  | Dex-2 Stlth-} for 311 gold pieces
 25751 | Orc:2    | Bought the +2 ring mail "Muirgh" {rPois MR+++ Str-5 Dex-2}
                  | for 368 gold pieces
 25932 | D:13     | Reached skill level 15 in Axes
 25983 | D:13     | Received a gift from Okawaru
 26006 | D:13     | Found a gate to the Vaults.
 26025 | D:13     | Received a gift from Okawaru
 26426 | D:15     | Killed Rupert
 26514 | D:15     | Received a gift from Okawaru
 27305 | Shoals:1 | Entered Level 1 of the Shoals
 27460 | Shoals:1 | Found Waageovu's Jewellery Boutique.
 28567 | Shoals:2 | Received a gift from Okawaru
 28570 | Shoals:2 | Got a scorched scale mail {god gift}
 28643 | Shoals:2 | Got a vibrating turquoise ring
 28706 | Shoals:2 | Found a transporter.
 28809 | Shoals:2 | Reached XP level 17. HP: 116/116 MP: 24/24
 29232 | Shoals:2 | Identified the ring "Qogram" {rF+ rN+ Int+3 Stlth-} (You
                  | found it on level 2 of the Shoals)
 29291 | Shoals:2 | Found a transporter.
 29292 | Shoals:2 | Found the +4 skin of Zhor {Englaciate rC+++ SInv}
 29559 | Shoals:2 | Got a twisted leather armour
 29712 | Lair:2   | Identified the +1 scale mail of Spring {+Fly Dex+4}
                  | (Okawaru gifted it to you on level 2 of the Shoals)
 29922 | Shoals:3 | Reached skill level 5 in Dodging
 30731 | Shoals:3 | Received a gift from Okawaru
 30912 | Shoals:3 | Got a jewelled plate armour {god gift}
 31151 | Shoals:4 | Entered Level 4 of the Shoals
 31210 | Shoals:4 | Noticed Ilsuiw
 31520 | Shoals:4 | Reached skill level 15 in Bows
 31537 | Shoals:4 | Killed Ilsuiw
 31893 | Shoals:4 | Received a gift from Okawaru
 31990 | Shoals:4 | Reached XP level 18. HP: 98/123 MP: 25/25
 32465 | Shoals:4 | Noticed Polyphemus
 32488 | Shoals:4 | Killed Polyphemus
 32932 | Shoals:4 | Received a gift from Okawaru
 33259 | Shoals:4 | Got a barnacled rune of Zot
 33414 | Lair:2   | Identified the +9 plate armour "Fasch" {rC+ rN+ MR+ Str+3}
                  | (Okawaru gifted it to you on level 3 of the Shoals)
 33481 | Lair:2   | Identified the +2 leather armour "Ziusuytz" {Str+6} (You
                  | found it on level 2 of the Shoals)
 33525 | Snake:1  | Entered Level 1 of the Snake Pit
 33736 | Snake:1  | Received a gift from Okawaru
 34440 | Snake:2  | Received a gift from Okawaru
 34540 | Snake:2  | You are sucked into a shaft and drop 1 floor!
 34675 | Snake:3  | Received a gift from Okawaru
 34686 | Snake:3  | Got a slimy hat {god gift}
 34778 | Snake:3  | Identified the +1 hat of the Tuna {Harm} (Okawaru gifted it
                  | to you on level 3 of the Snake Pit)
 35372 | Snake:2  | Reached XP level 19. HP: 127/127 MP: 26/26
 36143 | Snake:4  | Entered Level 4 of the Snake Pit
 36208 | Snake:4  | Noticed Roxanne
 36236 | Snake:4  | Killed Roxanne
 36236 | Snake:4  | Reached skill level 15 in Armour
 36690 | Snake:4  | Received a gift from Okawaru
 36769 | Snake:4  | Received a gift from Okawaru
 36856 | Snake:4  | Received a gift from Okawaru
 36864 | Snake:4  | Got a crystal shortbow {god gift}
 36865 | Snake:4  | Identified the +1 shortbow "Dragon's Demise" {vorpal, Str-4
                  | Dex+8 SInv Stlth-} (Okawaru gifted it to you on level 4 of
                  | the Snake Pit)
 37188 | Snake:4  | Got a serpentine rune of Zot
 37519 | Snake:4  | Received a gift from Okawaru
 37704 | Snake:4  | Reached XP level 20. HP: 134/134 MP: 27/27
 37779 | Snake:4  | Acquired a manual of Polearms
 38037 | Elf:1    | Entered Level 1 of the Elven Halls
 38094 | Elf:1    | Received a gift from Okawaru
 38441 | Elf:1    | Received a gift from Okawaru
 39627 | Elf:2    | Received a gift from Okawaru
 39813 | Elf:2    | Found a huge runed translucent gate.
 39813 | Elf:2    | Found a huge runed translucent gate.
 39813 | Elf:2    | Found a huge runed translucent gate.
 39816 | Elf:2    | Found a huge runed translucent gate.
 39818 | Elf:2    | Found a huge runed translucent gate.
 40177 | Elf:3    | Entered Level 3 of the Elven Halls
 40426 | Elf:3    | Noticed Aizul
 40441 | Elf:3    | Killed Aizul
 41149 | Elf:3    | Received a gift from Okawaru
 41872 | Vaults:1 | Entered Level 1 of the Vaults
 42167 | Vaults:1 | Received a gift from Okawaru
 42328 | Vaults:1 | Received a gift from Okawaru
 42328 | Vaults:1 | Reached XP level 21. HP: 120/141 MP: 28/28
 42904 | Vaults:1 | Received a gift from Okawaru
 43002 | Vaults:1 | Found a hazy altar of Hepliaklqana.
 43143 | Vaults:1 | Received a gift from Okawaru
 43150 | Vaults:1 | Got a pair of fine gloves {god gift}
 43157 | Vaults:1 | Identified the +2 pair of gloves of Wasted Space {SInv}
                  | (Okawaru gifted it to you on level 1 of the Vaults)
 43367 | Vaults:2 | Found a large runed translucent door.
 43367 | Vaults:2 | Found a large runed translucent door.
 43367 | Vaults:2 | Noticed hikkokomori's ghost (adept DsGl)
 44144 | Vaults:2 | Reached skill level 10 in Dodging
 44252 | Vaults:2 | Found Zutilaen's Book Shop.
 44252 | Vaults:2 | Found Aruwuz's Food Shop.
 44261 | Vaults:2 | Found Fiogih's Jewellery Shop.
 44390 | Vaults:2 | Found a staircase to the Crypt.
 44883 | Vaults:2 | Killed hikkokomori's ghost
 44883 | Vaults:2 | Received a gift from Okawaru
 44891 | Vaults:2 | Identified the +8 broad axe of Impermanence {elec, +Inv rF+
                  | Int+3} (You found it on level 2 of the Vaults)
 45394 | Vaults:3 | Reached XP level 22. HP: 151/151 MP: 29/29
 45760 | Vaults:3 | Received a gift from Okawaru
 46214 | Vaults:3 | Noticed Sojobo
 46240 | Vaults:3 | Killed Sojobo
 46793 | Vaults:4 | Reached skill level 15 in Fighting
 46795 | Vaults:4 | Received a gift from Okawaru
 46798 | Vaults:4 | Identified the +7 longbow of the Chickpea {vorpal, Int+6}
                  | (Okawaru gifted it to you on level 4 of the Vaults)
 47163 | Vaults:4 | Noticed Frederick
 47178 | Vaults:4 | Killed Frederick
 47178 | Vaults:4 | Received a gift from Okawaru
 47423 | Vaults:4 | Identified the Tome of Kismet
 47572 | Vaults:4 | Received a gift from Okawaru
 48578 | Elf:3    | Identified the +7 long sword of Action {freeze, rN+ Str+3
                  | Stlth-}
 48578 | Elf:3    | Identified the ring of Donukleox {rPois rC+}
 48578 | Elf:3    | Noticed Louise
 48590 | Elf:3    | Killed Louise
 48590 | Elf:3    | Received a gift from Okawaru
 48628 | Elf:3    | Reached XP level 23. HP: 162/162 MP: 30/30
 48677 | Elf:3    | Received a gift from Okawaru
 49024 | Elf:3    | Found the amulet of the Air {Inacc +Fly rElec EV+5 RMsl}
 49025 | Elf:3    | Found the +12 glaive of Prune {vorpal}
 49057 | Elf:3    | Got a wavering lead ring
 49195 | Elf:3    | Identified the Grimoire of Damage Dealing
 49198 | Elf:3    | Identified the ring "Net Tuw" {rPois rN+ MP-9 Int+4} (You
                  | found it on level 3 of the Elven Halls)
 49200 | Elf:3    | Identified the ring of Icuenkof {*Tele +Inv Dex+2} (You
                  | found it on level 3 of the Elven Halls)
 49230 | Elf:3    | Identified Sif Muna's Compendium of Dislocation
 49846 | Vaults:2 | Bought a manual of Armour for 2208 gold pieces
 51046 | Lair:6   | Entered Level 6 of the Lair of Beasts
 51490 | Lair:6   | Found a viscous altar of Jiyva.
 51491 | Lair:6   | Found a staircase to the Slime Pits.
 51795 | Lair:6   | Found the +7 great mace "Firestarter" {inner flame, rF++}
 51798 | Lair:6   | Identified the Guide on the Voyage
 52727 | Depths:1 | Entered Level 1 of the Depths
 52746 | Depths:1 | Received a gift from Okawaru
 52766 | Depths:1 | Got an ichor-stained longbow {god gift}
 52795 | Depths:1 | Identified the +6 longbow of Dishonour {vorpal, +Fly}
                  | (Okawaru gifted it to you on level 1 of the Depths)
 53030 | Depths:1 | Found a gateway to Hell.
 53151 | Depths:1 | You are sucked into a shaft and drop 1 floor!
 53439 | Depths:2 | Found a transporter.
 53442 | Depths:2 | Found a transporter.
 54137 | Depths:1 | Received a gift from Okawaru
 54655 | Depths:1 | Found a snail-covered altar of Cheibriados.
 55112 | Depths:2 | Identified the Almanac of the Igneous Entourage
 55554 | Depths:3 | Reached XP level 24. HP: 139/171 MP: 30/30
 55738 | Depths:3 | Found a one-way gate leading to the halls of Pandemonium.
 56112 | Depths:3 | Received a gift from Okawaru
 56772 | Depths:3 | Noticed a juggernaut
 56786 | Depths:3 | Killed a juggernaut
 57582 | Depths:3 | Received a gift from Okawaru
 57749 | Depths:3 | Identified the +5 scale mail of Dim Light {rPois}
 57757 | Depths:3 | Noticed an ancient lich
 57757 | Depths:3 | Noticed an ancient lich
 57767 | Depths:3 | Received a gift from Okawaru
 57797 | Depths:3 | Killed an ancient lich
 57920 | Depths:4 | Received a gift from Okawaru
 58041 | Depths:4 | Found Efillett's Jewellery Emporium.
 58066 | Depths:4 | Found a gateway to a ziggurat.
 58422 | Depths:4 | Found a one-way gate to the infinite horrors of the Abyss.
 58586 | Depths:4 | Identified the Volume of Feathers and Venom
 58750 | Depths:4 | Noticed a juggernaut
 58773 | Depths:4 | Killed a juggernaut
 58773 | Depths:4 | Reached XP level 25. HP: 179/184 MP: 32/32
 59021 | Depths:4 | Acquired 2310 gold pieces
 59221 | Depths:4 | Identified Sif Muna's Collected Works on the Creative
                  | Traveller
 60011 | Depths:5 | Entered Level 5 of the Depths
 60188 | Depths:5 | Received a gift from Okawaru
 60406 | Depths:5 | Received a gift from Okawaru
 60478 | Depths:5 | Received a gift from Okawaru
 60751 | Depths:5 | Noticed the Enchantress
 60769 | Depths:5 | Received a gift from Okawaru
 60818 | Depths:5 | Killed the Enchantress
 61717 | Depths:5 | Found a gate to the Realm of Zot.
 62022 | Depths:2 | Identified the Grimoire of the Silversmith
 62041 | Depths:2 | Got a clouded brass amulet
 62050 | Depths:2 | Identified the amulet of Alepruig {Spirit *Slow rPois rF+
                  | Str+4} (You found it on level 2 of the Depths)
 62522 | Shoals:2 | Gained mutation: You are partially covered in icy blue
                  | scales. (AC +2) [mutagenic glow]
 62584 | Shoals:2 | Gained mutation: You are dopey. (Int -2) [mutagenic glow]
 62621 | Shoals:2 | Got a scorched crystal amulet
 62633 | Shoals:2 | Got a warped golden ring
 62667 | Shoals:2 | Identified the ring "Zonahuvu" {rF+ Int+2 Stlth-} (You
                  | found it on level 2 of the Shoals)
 62668 | Shoals:2 | Identified the amulet of Ivojewa {Reflect Int+6 Dex+5 SH+5}
                  | (You found it on level 2 of the Shoals)
 63073 | Crypt:1  | Entered Level 1 of the Crypt
 63372 | Crypt:1  | Reached skill level 5 in Throwing
 63506 | Crypt:1  | Reached XP level 26. HP: 190/195 MP: 32/32
 63938 | Crypt:1  | You fall into a shaft and drop 1 floor!
 64068 | Crypt:2  | Noticed Jory
 64086 | Crypt:2  | Killed Jory
 64246 | Crypt:1  | Received a gift from Okawaru
 64249 | Crypt:1  | Identified the +5 shortbow of the Valley of Death {flame,
                  | *Slow MP+9 Dex+7 SInv} (Okawaru gifted it to you on level 1
                  | of the Crypt)
 65376 | Crypt:3  | Entered Level 3 of the Crypt
 65697 | Crypt:3  | Received a gift from Okawaru
 65789 | Crypt:3  | Found an ancient bone altar of Kikubaaqudgha.
 66103 | Crypt:3  | Identified the +6 battleaxe of Cyud Sui {vorpal, Dex+7}
                  | (You found it on level 3 of the Crypt)
 66151 | Crypt:3  | Identified Ruawne's Tome of Spatial Intoxication
 66800 | Crypt:3  | Noticed Khufu
 66825 | Crypt:3  | Killed Khufu
 67091 | Crypt:3  | Found a staircase to the Tomb.
 67582 | Vaults:5 | Entered Level 5 of the Vaults
 67598 | Vaults:5 | Reached XP level 27. HP: 201/206 MP: 32/32
 67599 | Vaults:5 | Received a gift from Okawaru
 67680 | Vaults:5 | Identified the +6 leather armour "Atinkeuz" {MR+}
 67936 | Vaults:5 | Identified the amulet of Gufairec {MR+ Regen+ Int+5 Dex-3
                  | Stlth+}
 68020 | Vaults:5 | Noticed a juggernaut
 68020 | Vaults:5 | a titan changed into a juggernaut
 68022 | Vaults:5 | Received a gift from Okawaru
 68025 | Vaults:5 | a juggernaut changed into a shard shrike
 68027 | Vaults:5 | Identified the +5 trident "Casesasm" {antimagic, Int+3}
 68041 | Vaults:5 | Reached skill level 10 in Throwing
 68051 | Vaults:5 | Noticed an ancient lich
 68088 | Vaults:5 | Killed an ancient lich
 68088 | Vaults:5 | Received a gift from Okawaru
 68279 | Vaults:5 | Found the amulet of Vitality {Regen+ HP+15}
 68280 | Vaults:5 | Got a serpentine amber ring
 68487 | Vaults:5 | Identified the ring "Wasm" {rC- rN+ Int+2 Dex+6} (You found
                  | it on level 5 of the Vaults)
 68499 | Vaults:5 | Found Fas Itsea's Magic Scroll Shoppe.
 68503 | Vaults:5 | Identified Lulol Telang's Papyrus of Enchantment
 68513 | Vaults:5 | Bought 2 scrolls of blinking for 195 gold pieces
 68513 | Vaults:5 | Bought a scroll of identify for 26 gold pieces
 68513 | Vaults:5 | Bought a scroll of fog for 26 gold pieces
 68601 | Vaults:5 | Received a gift from Okawaru
 68710 | Vaults:5 | Got a silver rune of Zot
 68728 | Vaults:5 | Found the +10 Black Knight's horse barding {ponderous,
                  | rPois rN+}
 69042 | Vaults:5 | Identified the +5 ice dragon scales of Weryihu {rF- rC++
                  | rN+} (You found it on level 5 of the Vaults)
 69091 | Vaults:5 | Identified the +0 pair of gloves of Paranoia {Regen+ Int+5}
                  | (Okawaru gifted it to you on level 5 of the Vaults)
 69385 | Vaults:5 | Identified the +1 hunting sling of Suosihi {flame, +Inv rF-
                  | Int+4 SInv} (You found it on level 5 of the Vaults)
 69825 | Zot:1    | Entered Level 1 of the Realm of Zot
 69938 | Zot:1    | You fall into a shaft and drop 1 floor!
 70084 | Zot:1    | Received a gift from Okawaru
 70087 | Zot:1    | Identified the +2 battleaxe "Luza" {flame, +Blink Str+2}
                  | (Okawaru gifted it to you on level 1 of the Realm of Zot)
 70383 | Zot:1    | Identified the +11 eveningstar of Maywuz {freeze, Dex+3}
 70383 | Zot:1    | Noticed DeepDeath's ghost (legendary HOAM)
 70384 | Zot:1    | Identified the cursed +0 cloak of Subjectivity {rPois rC+}
 70426 | Zot:1    | Identified the +9 triple sword "Nefype" {freeze, rElec
                  | Str+3 Stlth-}
 70426 | Zot:1    | Identified the ring "Ususif" {rPois rN+ Str+3 Slay-3
                  | Stlth+}
 70432 | Zot:1    | Found a bloodstained altar of Trog.
 70437 | Zot:1    | Identified the +0 cloak of Ennui {Harm SInv}
 70442 | Zot:1    | Found a transporter.
 70444 | Zot:1    | Identified the +8 glaive of Raqianea {protect, rF+ rC+}
 70994 | Zot:1    | Found a transporter.
 71035 | Zot:1    | Identified the +8 chain mail of Henotheism {rCorr} (You
                  | found it on level 1 of the Realm of Zot)
 71456 | Zot:2    | Received a gift from Okawaru
 71493 | Zot:2    | Received a gift from Okawaru
 71496 | Zot:2    | Identified the +2 battleaxe of Objectivity {freeze, rElec
                  | rF+ Str+4} (Okawaru gifted it to you on level 2 of the
                  | Realm of Zot)
 73318 | Zot:3    | Reached skill level 27 in Fighting
 73328 | Zot:3    | Received a gift from Okawaru
 73388 | Zot:3    | Received a gift from Okawaru
 73419 | Zot:3    | Identified the +0 crystal plate armour of Defiance {rCorr}
                  | (Okawaru gifted it to you on level 3 of the Realm of Zot)
 74315 | Zot:3    | Noticed an ancient lich
 74343 | Zot:3    | Killed an ancient lich
 74343 | Zot:3    | Received a gift from Okawaru
 74418 | Zot:3    | Found a stormy altar of Qazlal.
 74482 | Zot:3    | Identified the +0 plate armour "Roodon" {rElec rF+ MR-
                  | Slay+3} (You found it on level 3 of the Realm of Zot)
 75122 | Zot:4    | Received a gift from Okawaru
 75125 | Zot:4    | Identified the +3 battleaxe "Togish" {freeze, rPois MR-
                  | Str+2 Int+3} (Okawaru gifted it to you on level 4 of the
                  | Realm of Zot)
 76887 | Zot:5    | Entered Level 5 of the Realm of Zot
 77437 | Zot:5    | Noticed an orb of fire
 77444 | Zot:5    | Gained mutation: You tend to lose your temper in combat.
                  | [an orb of fire]
 77465 | Zot:5    | Killed an orb of fire
 77474 | Zot:5    | Noticed an ancient lich
 77492 | Zot:5    | Noticed an orb of fire
 77497 | Zot:5    | Received a gift from Okawaru
 77498 | Zot:5    | Noticed an ancient lich
 77502 | Zot:5    | Noticed an ancient lich
 77507 | Zot:5    | Killed an orb of fire
 77508 | Zot:5    | Noticed an ancient lich
 77508 | Zot:5    | Noticed an ancient lich
 77508 | Zot:5    | Noticed an ancient lich
 77510 | Zot:5    | Noticed an orb of fire
 77514 | Zot:5    | Killed an ancient lich
 77514 | Zot:5    | Received a gift from Okawaru
 77515 | Zot:5    | Noticed an ancient lich
 77516 | Zot:5    | Noticed an ancient lich
 77521 | Zot:5    | Killed an ancient lich
 77521 | Zot:5    | Noticed an ancient lich
 77528 | Zot:5    | Noticed an ancient lich
 77534 | Zot:5    | Killed an ancient lich
 77538 | Zot:5    | Killed an ancient lich
 77538 | Zot:5    | Received a gift from Okawaru
 77540 | Zot:5    | Killed an ancient lich
 77541 | Zot:5    | Noticed an ancient lich
 77547 | Zot:5    | Killed an orb of fire
 77547 | Zot:5    | Received a gift from Okawaru
 77559 | Zot:5    | Killed an ancient lich
 77559 | Zot:5    | Received a gift from Okawaru
 77561 | Zot:5    | Killed an ancient lich
 77562 | Zot:5    | Killed an ancient lich
 77565 | Zot:5    | Killed an ancient lich
 77571 | Zot:5    | Killed an ancient lich
 77595 | Zot:5    | Killed an ancient lich
 77595 | Zot:5    | Received a gift from Okawaru
 77597 | Zot:5    | Received a gift from Okawaru
 77633 | Zot:5    | Received a gift from Okawaru
 77934 | Zot:5    | Identified the +0 pair of gloves of Owkoy {rElec} (Okawaru
                  | gifted it to you on level 5 of the Realm of Zot)
 78118 | Zot:5    | Reached skill level 27 in Armour
 78415 | Zot:5    | Reached skill level 5 in Evocations
 78739 | Zot:5    | Lost mutation: You are partially covered in icy blue
                  | scales. (AC +2) [potion of mutation]
 78739 | Zot:5    | Lost mutation: You are dopey. (Int -2) [potion of mutation]
 78739 | Zot:5    | Gained mutation: Your spells are a little harder to cast,
                  | but a little more powerful. [potion of mutation]
 78739 | Zot:5    | Gained mutation: You do not regenerate when monsters are
                  | visible. [potion of mutation]
 78739 | Zot:5    | Gained mutation: You occasionally shout uncontrollably at
                  | your foes. [potion of mutation]
 78739 | Zot:5    | Lost mutation: You tend to lose your temper in combat.
                  | [potion of mutation]
 78771 | Zot:5    | Got the Orb of Zot
 79307 | D:$      | Escaped with the Orb!

Illustrated notes

Levels and vault maps discovered:
D:1:      ncdulo_smallfort, layout_loops_cross, evilmike_ruin_ashenzari
D:2:      layout_basic, okawaru_gym_becter, uniq_terence
D:3:      layout_basic, kennysheep_nub, bloody_makhleb, uniq_purgy, uniq_ijyb,
          uniq_grinder, uniq_jessica
D:4:      layout_layer_cave, fedhas_ov_isle_minmay, first_ration,
          uniq_blork_the_orc
D:5:      layout_basic, serial_shops, shop, cheibrodos_sewer_entry_bend,
          led_sif_book
D:6:      layout_cave_pools, zin_statuary, lemuel_round_altar,
          minmay_temple_entry_antechambers, trog_hazing_becter
D:7:      layout_basic, nicolae_overflow_crystal_walls,
          gammafunk_temple_overflow_elements, lemuel_coloured_pillars_altar,
          basic_altar, uniq_crazy_yiuf_cottage
D:8:      layout_rooms, serial_shops, nicolae_shop_competitors_out_of_business,
          hangedman_ranch [blue_anna_fruit_fields], small_statue_intersection
D:9:      cheibrodos_frozen_isle, layout_loops_ring, lemuel_crystal_altar,
          minitemple
D:10:     layout_roguey [special_room_orc], dpeg_oklobed_lair, uniq_maurice
D:11:     layout_loops_ring, serial_shops, nicolae_shop_waterfront
D:12:     layout_layer_cave, david_orc_3, serial_shops, kennysheep_mini
D:13:     minmay_gate_of_8, layout_loops_ring, grunt_vaults_entry_tiered,
          uniq_kirke
D:14:     layout_stronghold, minmay_door_square, st_stairs_5
D:15:     gammafunk_depths_entry_grave, layout_layer_cave, uniq_rupert
Lair:1:   layout_chaotic_city, serial_bayou_shore_a, grunt_megastairs_4
Lair:2:   layout_long_grid, elwin_shoals_entry_rooms,
          guppyfry_snake_entry_island, beast_lair_carwin_1, lemuel_fruit_tree,
          minmay_lair_oklob_chamber
Lair:3:   layout_roguey, portal_ice_cave_entry_pillars_1,
          infiniplex_staircase_pool_2
Lair:4:   layout_layer_cave, lemuel_fruit_fields
Lair:5:   layout_cellular_growth, minmay_holes, uniq_snorg
Lair:6:   minmay_lair_end_frog_pond, layout_gridlike,
          dpeg_slime_entry_enclosed_altar
Shoals:1: layout_shoals, serial_shops, shop, nicolae_shoals_dead_sea_scrolls
Shoals:2: gammafunk_its_a_trap, layout_shoals
Shoals:3: layout_shoals, nicolae_shoals_isolated_beach
Shoals:4: shoals_end_hangedman, layout_shoals, shoals_ilsuiw_ice,
          uniq_polyphemus
Snake:1:  layout_concentric_octagons, nrook_guardian_serpent_ordinary
Snake:2:  layout_onion_interference, fake_guardian_serpent_vault
Snake:3:  layout_misc_corridors, grunt_megastairs_2
Snake:4:  snake_pit, layout_basic, st_stairs_12,
          hangedman_snake_wide_pillar_pass, serial_bayou_lagoon_b, uniq_roxanne
Orc:1:    layout_caves, serial_shops, shop, uniq_nergalle
Orc:2:    st_orc_open, layout_caves, serial_shops, shop, basic_altar,
          uniq_sonja, uniq_nessos
Elf:1:    eino_elf_arrival_the_gate, layout_gridlike, serial_sigils,
          serial_sigils_hangedman_shear, serial_sigils_hangedman_shear,
          serial_sigils_hangedman_snap, serial_sigils_hangedman_quiver,
          serial_sigils_hangedman_quiver, serial_sigils_hangedman_writhe,
          hangedman_elf_disciples
Elf:2:    layout_gridlike
Elf:3:    minmay_elf_hall_dome, layout_geoelf_castle, uniq_louise, uniq_aizul
Vaults:1: v_misc_8, v_misc_4, vaults_room_grid, nicolae_vaults_circle_grid_b,
          ontoclasm_vaults_hangar, v_rooms_1, nicolae_vaults_network_barrier,
          nicolae_vaults_little_squares_5, nicolae_vaults_theta,
          ontoclasm_vaults_twist, ontoclasm_vaults_loading_screen,
          hangedman_vaults_capsules, v_misc_15, nicolae_vaults_border_crossing,
          layout_vaults_ring, basic_altar
Vaults:2: advil_vaults_ghost_guards, minmay_crypt_entry_simple_round,
          hangedman_vaults_hard_town_square, v_misc_5, hangedman_vaults_nails,
          hangedman_vaults_nails, v_misc_18, nicolae_vaults_network_square,
          v_misc_24, nicolae_vaults_ring_of_whatevers, v_misc_27,
          grunt_vaults_diagonal, ontoclasm_vaults_ring_small, vaults_mumra_lcd,
          layout_vaults_big_cross
Vaults:3: sword_in_stone, nicolae_vaults_hallways_thing, grunt_vaults_bifocal,
          nicolae_vaults_specimen_jars, nicolae_vaults_alarming,
          ontoclasm_vaults_ligature, nicolae_vaults_windows_and_doors_thing,
          nicolae_vaults_little_ls, nicolae_vaults_little_squares_4,
          ontoclasm_vaults_gateway, layout_vaults_omnigrid
Vaults:4: vaults_standard_mumra_x, hangedman_vaults_stagger,
          nicolae_vaults_rhombus_7, v_misc_14, ontoclasm_vaults_misaligned,
          nicolae_vaults_angled_halls, vaults_mumra_hex, hangedman_vaults_maws,
          vaults_room_pools, layout_vaults_big_room, uniq_frederick
Vaults:5: serial_shops
Crypt:1:  layout_gridlike, roderic_lattice_octagonal_star,
          grunt_crypt_arrival_split
Crypt:2:  layout_regular_city, minmay_misc_feat_hallway, minivault_4, uniq_jory
Crypt:3:  grunt_crypt_end_deaths_head
Depths:1: layout_long_grid, lightli_too_deep, kennysheep_small_spiral,
          cheibriados_altar_1, uniq_sojobo
Depths:2: gammafunk_jiyva_shrine, layout_gridville, serial_glass,
          glass_columns_b, glass_columns_a, glass_columns_c, glass_columns_b,
          glass_columns_b, glass_columns_c, glass_columns_a, glass_columns_b,
          roderic_roman_lattice, grunt_hell_entry_dis_grunt
Depths:3: grunt_runaround [grunt_runaround_doors_1, grunt_runaround_doors_2,
          grunt_runaround_doors_3, grunt_runaround_doors_4,
          grunt_runaround_loot], hell_entry, serial_shops, pan_entry
Depths:4: minmay_chopped_fan, layout_basic, enter_ziggurat_d, hell_entry,
          serial_shops, shop, abyss_entry_crystal, grunt_megastairs_3,
          infiniplex_staircase_star
Depths:5: grunt_zot_entry_gee_three, layout_gridlike, hell_entry,
          uniq_enchantress
Zot:1:    layout_cathedral_of_symmetry, gammafunk_ghost_wrathful_warriors
Zot:2:    layout_basic, st_stairs_1
Zot:3:    regret_index_qazlal_generations, layout_onion_interference
Zot:4:    lemuel_draconian_sentries_small, layout_twisted_circle
Zot:5:    layout_misc_corridors

Skill      XL: |  1  2  3  4  5  6  7  8  9 10 11 12 13 14 15 16 17 18 19 20 21 22 23 24 25 26 27 |
---------------+----------------------------------------------------------------------------------+-----
Short Blades   | 1 |  1.0
Armour         | 1 2 3 4 5 7 10 12 14 16 17 18 22 27 | 27.0
Polearms       | 1 2 3 4 5 7 9 |  9.2
Invocations    | 1 2 3 4 5 7 8 10 12 | 12.0
Bows           | 5 6 7 8 11 13 15 16 17 18 19 20 | 20.0
Evocations     | 1 2 3 4 6 |  6.3
Axes           | 3 7 9 11 12 14 15 16 18 19 | 19.4
Fighting       | 3 5 7 8 10 11 12 13 14 16 17 19 21 23 27 | 27.0
Dodging        | 2 4 5 8 10 12 14 | 14.5
Throwing       | 1 5 8 12 | 12.0
Stealth        | |  1.1

Action                   |  1- 3 |  4- 6 |  7- 9 | 10-12 | 13-15 | 16-18 | 19-21 | 22-24 | 25-27 || total
-------------------------+-------+-------+-------+-------+-------+-------+-------+-------+-------++-------
Melee: Short sword       |     2 |       |       |       |       |       |       |       |       ||     2
       Spear             |   138 |   211 |   929 |     2 |       |       |       |       |       ||  1280
       Punch             |       |       |     1 |     8 |     8 |     7 |       |       |       ||    24
       War axe           |       |       |     8 |   614 |   774 |       |       |       |       ||  1396
       Dire flail        |       |       |       |    22 |    29 |       |       |       |       ||    51
       Broad axe         |       |       |       |       |    48 |   201 |       |       |       ||   249
       Battleaxe         |       |       |       |       |       |   378 |   787 |   828 |  1852 ||  3845
       Great mace        |       |       |       |       |       |       |       |    98 |    17 ||   115
 Fire: Shortbow          |     5 |    29 |   144 |   133 |   156 |       |    26 |    15 |       ||   508
       Longbow           |       |       |       |       |   177 |   758 |   883 |   669 |   916 ||  3403
Throw: Javelin           |       |       |     1 |       |       |       |       |       |    18 ||    19
       Dart              |       |       |       |       |     1 |       |       |       |       ||     1
       Boomerang         |       |       |       |       |     1 |       |       |       |       ||     1
       Throwing net      |       |       |       |       |       |       |     1 |       |       ||     1
Invok: Heroism           |       |     1 |    12 |    23 |    24 |    13 |     4 |     3 |     8 ||    88
       Finesse           |       |       |       |     2 |     6 |     4 |     4 |     5 |    12 ||    33
 Abil: Evoke Flight      |       |       |       |       |     1 |       |       |       |       ||     1
       Fly               |       |       |       |       |       |     1 |       |     1 |     2 ||     4
       Stop Flying       |       |       |       |       |       |       |     1 |     1 |     2 ||     4
Evoke: Wand              |       |     4 |     4 |     4 |     5 |    15 |     1 |     6 |    12 ||    51
  Use: Scroll            |     2 |     6 |     7 |    13 |    10 |    11 |     8 |     6 |    29 ||    92
       Potion            |       |     1 |       |     1 |     7 |     6 |       |     1 |    14 ||    30
 Stab: Sleeping          |     4 |     2 |       |     1 |       |       |       |       |       ||     7
       Distracted        |       |     1 |       |       |       |       |       |       |     1 ||     2
       Confused          |       |     2 |       |       |       |       |       |       |       ||     2
       Paralysed         |       |       |     5 |     2 |       |       |       |       |       ||     7
       Invisible         |       |       |       |     9 |     3 |       |       |       |       ||    12
       Petrified         |       |       |       |       |       |     6 |       |       |       ||     6
  Eat: Chunk             |     1 |     5 |    21 |    14 |    20 |    20 |    26 |    19 |    19 ||   145
       Ration            |       |       |       |     1 |     3 |     4 |     1 |     6 |    13 ||    28
Armor: Leather armour    |    49 |    61 |       |       |       |       |       |       |       ||   110
       Ring mail         |       |       |   317 |   349 |       |   272 |       |       |       ||   938
       Chain mail        |       |       |       |       |   387 |    14 |       |       |       ||   401
       Ice dragon scales |       |       |       |       |     2 |       |       |       |       ||     2
       Scale mail        |       |       |       |       |   159 |    10 |       |       |       ||   169
       Plate armour      |       |       |       |       |       |   226 |   703 |   692 |   954 ||  2575
       Gold dragon scale |       |       |       |       |       |       |       |       |   768 ||   768
Dodge: Dodged            |    85 |   112 |   370 |   347 |   387 |   441 |   340 |   565 |  1195 ||  3842
